 Dungeon Crawl Stone Soup version 0.26-a0-597-gb535b0901c (webtiles) character file.

Game seed: 6563296521237923177

9 Alarkh the Twirler (level 2, 22/22 HPs)
             Began as a Demonspawn Gladiator on Sept 10, 2020.
             Got out of the dungeon alive.
             The game lasted 00:00:26 (349 turns).

Alarkh the Twirler (Demonspawn Gladiator)            Turns: 349, Time: 00:00:27

Health: 22/22      AC:  3    Str: 14    XL:     2   Next: 3%
Magic:  2/2        EV: 12    Int:  9    God:
Gold:   21         SH:  0    Dex: 14    Spells: 1/1 levels left

rFire    . . .     SeeInvis +   a - +0 quarterstaff
rCold    . . .     Faith    .   (shield currently unavailable)
rNeg     . . .     Spirit   .   b - +0 leather armour
rPois    .         Reflect  .   (helmet restricted)
rElec    .         Harm     .   (no cloak)
rCorr    .                      (no gloves)
MR       .....                  (no boots)
Stlth    ++........             (no amulet)
HPRegen  0.07/turn              h - ring of see invisible
MPRegen  0.08/turn              i - ring of stealth

@: no status effects
A: horns 1
a: no special abilities


You escaped.
You visited 1 branch of the dungeon, and saw 1 of its levels.

You collected 21 gold pieces.

Inventory:

Hand Weapons
 a - a +0 quarterstaff (weapon)
Missiles
 d - 3 throwing nets (quivered)
Armour
 b - a +0 leather armour (worn)
 c - a +0 helmet
Jewellery
 h - a ring of see invisible (left hand)
 i - a ring of stealth (right hand)
Scrolls
 e - 3 scrolls of amnesia {unknown}
 f - a scroll of identify {unknown}
Potions
 g - a potion of invisibility {unknown}


   Skills:
 - Level 2.0 Fighting
 + Level 3.2 Staves
 - Level 1.7 Throwing
 - Level 2.6 Dodging


You had one spell level left.
You didn't know any spells.
Your spell library was empty.

Dungeon Overview and Level Annotations

Branches:
Dungeon (1/15)

Altars:


Innate Abilities, Weirdness & Mutations

You have a pair of small horns on your head.


Message History

The frilled lizard completely misses you.
You closely miss the frilled lizard.
Your headbutt misses the frilled lizard.
The frilled lizard closely misses you. x2
You hit the frilled lizard.
You kill the frilled lizard!
No target in view!
No target in view!
No target in view!
Unknown command.
Really walk into a travel-excluded area?
Unknown command.
You enter the shallow water.
Moving in this stuff is going to be slow.
You see here a leather armour.
You open the door.
There is an open door here.
There is a staircase leading out of the dungeon here.
Are you sure you want to leave the Dungeon?
This will make you lose the game!
You have escaped!

.........### #####
#......... ...>.....#
######## ####.#.###
........## ####(.....####
#..## ........#
##............######
........###....####..(...#
........##....#######[...##
#......###...##.....##....##
#......###..###.##..###....#
#.......##..###.@##..##....#
##......###..#'###...##....#
#.......##...###...###....#
##......###........##....##
####
#....)..####....###.....#
#...
##........########.....##
#.## ##.(.......####......##
#.## ##.................##
#.## ###.............###
#..)


There were no monsters in sight!

Vanquished Creatures
  A giant cockroach (D:1)
  A goblin (D:1)
  2 kobolds (D:1)
  2 frilled lizards (D:1)
  3 rats (D:1)
9 creatures vanquished.

Notes
Turn   | Place    | Note
-------+----------+-------------------------------------------
     0 | D:1      | Alarkh the Demonspawn Gladiator began the quest for the
                  | Orb.
     0 | D:1      | Reached XP level 1. HP: 16/16 MP: 1/1
   165 | D:1      | Reached skill level 3 in Staves
   229 | D:1      | Gained mutation: You have a pair of small horns on your
                  | head. [demonic ancestry]
   229 | D:1      | Reached XP level 2. HP: 21/22 MP: 2/2
   349 | D:$      | Got out of the dungeon alive.

Illustrated notes

Levels and vault maps discovered:
D:1:      dpeg_arrival_snail, layout_loops_ring, roderic_lattice_a,
          lemuel_old_faithful

Skill      XL: |  1 |
---------------+----+-----
Staves         | 3 |  3.2
Fighting       | |  2.0
Throwing       | |  1.7
Dodging        | |  2.6

Action                   || total
-------------------------++-------
Melee: Quarterstaff      ||    32
Armor: Leather armour    ||     9
Dodge: Dodged            ||    21

Table legend: (Time is in decaauts)
 A = Elapsed time spent in this place.
 B = Non-inter-level travel time spent in this place.
 C = Inter-level travel time spent in this place.
 D = Time resting spent in this place.
 E = Time spent auto-exploring this place.
 F = Levels seen in this place.
 G = Mean time per level.
                   A        B        C        D        E       F      G
               +--------+--------+--------+--------+--------+-----+--------+
         Total |    355 |    272 |     83 |      0 |    199 |   1 |  355.0 |
       Dungeon |    355 |    272 |     83 |      0 |    199 |   1 |  355.0 |
               +--------+--------+--------+--------+--------+-----+--------+

Top non-repeatable levels by time:
     D:1: 355 daAuts
